 Dungeon Crawl Stone Soup version 0.24-a0-264-gf46a388 (webtiles) character file.

Game seed: 11730456487065727975

18383 Hasart the Slicer (level 12, -3/76 HPs)
             Began as a Kobold Gladiator on Apr 20, 2019.
             Was a High Priest of Wu Jian.
             Slain by a komodo dragon (27 damage)
             ... on level 2 of the Lair of Beasts.
             The game lasted 00:41:27 (16709 turns).

Hasart the Slicer (Kobold Gladiator)               Turns: 16709, Time: 00:41:28

Health: -3/76      AC:  8    Str: 13    XL:     12   Next: 94%
Magic:  18/18      EV: 24    Int: 10    God:    Wu Jian [*****.]
Gold:   583        SH:  0    Dex: 19    Spells: 11/11 levels left

rFire    . . .     SeeInvis .   w - +4 short sword (curse)
rCold    . . .     Gourm    .   (shield restricted)
rNeg     . . .     Faith    .   s - +0 steam dragon scales
rPois    +         Spirit   .   c - +0 helmet
rElec    .         Reflect  .   (no cloak)
rCorr    .         Harm     .   b - +0 pair of gloves
MR       .....                  (no boots)
Stlth    +++++.....             (no amulet)
HPRegen  0.22/turn              o - ring of poison resistance
MPRegen  0.16/turn              (no ring)

@: no status effects
A: small, carnivore
a: Wall Jump, Serpent's Lash, Heavenly Storm, Renounce Religion


You were on level 2 of the Lair of Beasts.
You worshipped Wu Jian.
Wu Jian was extremely pleased with you.
You were very full.

You visited 3 branches of the dungeon, and saw 14 of its levels.

You collected 583 gold pieces.

Inventory:

Hand Weapons
 a - a +0 rapier
 w - a cursed +4 short sword (weapon)
Missiles
 d - 6 throwing nets (quivered)
Armour
 b - a +0 pair of gloves (worn)
 c - a +0 helmet (worn)
 s - +0 steam dragon scales (worn)
Jewellery
 o - a ring of poison resistance (left hand)
Wands
 e - a wand of scattershot (1)
 G - a wand of disintegration (4)
Scrolls
 j - 9 scrolls of identify
 k - 6 scrolls of teleportation
 l - 5 scrolls of remove curse
 p - a scroll of noise
 q - 2 scrolls of enchant weapon
 u - 2 scrolls of blinking
 v - 2 scrolls of fog {unknown}
 x - a scroll of brand weapon {unknown}
 y - 2 scrolls of magic mapping {unknown}
 B - a scroll of amnesia
 C - 2 scrolls of random uselessness {unknown}
 D - 2 scrolls of fear {unknown}
 F - a scroll of holy word {unknown}
Potions
 g - a potion of magic
 h - 2 potions of berserk rage {unknown}
 i - a potion of agility
 m - 2 potions of heal wounds
 n - a potion of cancellation {unknown}
 r - 5 potions of degeneration {unknown}
 t - 2 potions of flight {unknown}
 z - 2 potions of haste {unknown}
 A - a potion of brilliance {unknown}
 E - a potion of curing
 H - a potion of resistance
Comestibles
 f - 24 rations


   Skills:
 + Level 9.4 Fighting
 - Level 14.0 Short Blades
 + Level 4.2 Throwing
 - Level 4.0 Armour
 + Level 10.7 Dodging
 + Level 11.5 Stealth
 + Level 9.1 Evocations


You had 11 spell levels left.
You didn't know any spells.
Your spell library contained the following spells:

 Spells                   Type           Power        Failure   Level  Hunger
 Magic Dart               Conj           #...         36%         1    ##.....
 Blink                    Tloc           N/A          50%         2    ###....
 Call Imp                 Summ           #.......     50%         2    ###....
 Slow                     Hex            #.......     50%         2    ###....
 Conjure Flame            Conj/Fire      #.......     75%         3    ####...
 Mephitic Cloud           Conj/Pois/Air  #.......     75%         3    ####...
 Bolt of Magma            Conj/Fire/Erth #.........   100%        5    ######.
 Iskenderun's Battlesphe  Conj/Chrm      #.......     100%        5    ######.
 Venom Bolt               Conj/Pois      #.........   100%        5    ######.
 Iron Shot                Conj/Erth      #.........   100%        6    #######
 Orb of Destruction       Conj           #.........   100%        7    #######
 Spellforged Servitor     Conj/Summ      #.........   100%        7    #######


Dungeon Overview and Level Annotations

Branches:
Dungeon (11/15)            Temple (1/1) D:4            Lair (2/6) D:9
  Swamp: Lair:2-4    Shoals: Lair:2-4     Snake: Lair:2-4    Spider: Lair:2-4
    Orc: D:9-12

Altars:
Ashenzari
Cheibriados
Dithmenos
Elyvilon
Fedhas
Gozag
Hepliaklqana
Kikubaaqudgha
Makhleb
Nemelex Xobeh
Okawaru
Qazlal
Ru
Sif Muna
Trog
Uskayaw
Vehumet
Wu Jian
Xom
Yredelemnul
Zin
The Shining One

Shops:
D:9 [

Annotations:
D:6 3 runed translucent doors, Hasart's ghost, amateur KoGl


Innate Abilities, Weirdness & Mutations

You are small and have problems with some larger weapons.
You are carnivorous and can eat meat at any time.


Message History

Unknown command.
Evoke which item? (* to show all) (? for menu, Esc to quit)
Aiming: Disintegrate
Press: ? - help, Shift-Dir - straight line, f - komodo dragon
Aim: a komodo dragon (heavily wounded, chance to defeat MR: 78%)
The komodo dragon is blasted.
Unknown command.
Evoke which item? (* to show all) (? for menu, Esc to quit)
Aiming: Disintegrate
Press: ? - help, Shift-Dir - straight line, f/p - komodo dragon
Aim: a komodo dragon (heavily wounded, chance to defeat MR: 78%)
The komodo dragon barely resists.
The komodo dragon barely misses you.
Unknown command.
Unknown command.
Evoke which item? (* to show all) (? for menu, Esc to quit)
Aiming: Disintegrate
Press: ? - help, Shift-Dir - straight line, f/p - komodo dragon
Aim: a komodo dragon (heavily wounded, chance to defeat MR: 78%)
The komodo dragon barely resists.
The komodo dragon bites you!!
You die...

.........#.....##
..............#......#
...P...P............#
.......#...?........###
.......#......#.......#
........+P.#..#<.....####
...P.................#P.##
.###......................
........l@......†.........
................).÷.......
.?........................
..........................
.....................#.#.#
..##P.................##.#
# ##...###..###P.....###.
#...## #..# #.....+##..
##.. ......#....# ...


You could see a komodo dragon.

Vanquished Creatures
  Harold (D:7)
  A hydra (Lair:1)
  3 two-headed ogres
  Pikel (D:7)
  An ugly thing (D:10)
  A black mamba (Lair:1)
  2 gargoyles (D:10)
  3 spiny frogs
  A centaur skeleton (D:11)
  2 komodo dragons (Lair:1)
  A rime drake (Lair:2)
  3 trolls
  A polar bear (Lair:2)
  Grinder (D:6)
  A hippogriff (Lair:1)
  Prince Ribbit (D:6)
  Sigmund (D:5)
  18 yaks
  A shadow (D:11)
  A spriggan (D:10)
  A wyvern (D:11)
  4 hungry ghosts
  A porcupine (Lair:2)
  3 water moccasins
  Duvessa (D:5)
  4 orc warriors
  A sky beast (D:10)
  2 slaves (D:7)
  2 ice beasts
  A black bear (D:8)
  3 phantoms
  An eye of draining (D:11)
  3 ogres
  5 centaurs
  3 crocodiles (Lair:2)
  A big kobold (D:11)
  12 bullfrogs
  Dowan (D:5)
  A scorpion (D:5)
  4 killer bees (D:8)
  8 wights
  5 crimson imps
  A quasit (D:8)
  3 centaur zombies
  3 jellies
  5 hounds
  3 orc priests
  12 orc wizards
  3 bullfrog skeletons
  5 iguanas
  Terence (D:2)
  9 worker ants
  A killer bee zombie (D:8)
  2 hound skeletons
  Robin (D:4)
  6 adders
  4 gnolls (D:10)
  3 shadow imps
  2 oozes (D:4)
  2 worms (D:2)
  A dart slug (D:1)
  2 leopard geckos (D:1)
  34 orcs
  6 giant cockroaches
  16 goblins
  10 hobgoblins
  15 jackals
  19 kobolds
  7 quokkas
  3 ball pythons
  6 bats
  5 frilled lizards
  A jackal skeleton (D:6)
  11 rats
314 creatures vanquished.

Vanquished Creatures (others)
  An orc wizard (D:4)
  2 plants (Lair:2)
3 creatures vanquished.

Grand Total: 317 creatures vanquished

Notes
Turn   | Place    | Note
-------+----------+-------------------------------------------
     0 | D:1      | Hasart the Kobold Gladiator began the quest for the Orb.
     0 | D:1      | Reached XP level 1. HP: 12/12 MP: 1/1
   172 | D:1      | Reached XP level 2. HP: 17/17 MP: 2/2
   278 | D:1      | Reached skill level 1 in Stealth
   451 | D:1      | Reached XP level 3. HP: 22/22 MP: 3/3
   981 | D:2      | Reached XP level 4. HP: 25/27 MP: 4/4
  1056 | D:2      | Reached skill level 1 in Armour
  1486 | D:3      | Noticed Terence
  1568 | D:2      | Killed Terence
  1568 | D:2      | Reached skill level 5 in Short Blades
  1568 | D:2      | Reached XP level 5. HP: 20/32 MP: 5/5
  2164 | D:3      | Found a hide-covered altar of Uskayaw.
  2675 | D:4      | Found a staircase to the Ecumenical Temple.
  2707 | D:4      | Reached XP level 6. HP: 5/37 MP: 6/6
  2716 | Temple   | Entered the Ecumenical Temple
  3142 | Temple   | Became a worshipper of the Wu Jian Council
  3164 | D:4      | Noticed a phantom
  3172 | D:4      | Killed a phantom
  3172 | D:4      | Reached skill level 6 in Short Blades
  3302 | D:4      | Found a deep blue altar of Sif Muna.
  3536 | D:4      | Found a blossoming altar of Fedhas.
  3538 | D:4      | Found a sacrificial altar of Ru.
  3538 | D:4      | Found a radiant altar of Vehumet.
  3593 | D:4      | Reached XP level 7. HP: 40/41 MP: 7/7
  3776 | D:4      | Noticed Robin
  3809 | D:4      | Killed Robin
  3996 | D:5      | Entered Level 5 of the Dungeon
  4164 | D:5      | Reached skill level 5 in Dodging
  4250 | D:5      | Reached * piety under Wu Jian
  4509 | D:5      | Reached skill level 7 in Short Blades
  4731 | D:5      | Noticed Sigmund
  4739 | D:5      | Killed Sigmund
  4739 | D:5      | Reached skill level 1 in Evocations
  4739 | D:5      | Reached XP level 8. HP: 46/48 MP: 8/8
  4853 | D:5      | Noticed Duvessa
  4853 | D:5      | Noticed Dowan
  4856 | D:5      | Killed Duvessa
  4873 | D:5      | Killed Dowan
  5359 | D:6      | Reached skill level 8 in Short Blades
  5359 | D:6      | Reached skill level 5 in Stealth
  5401 | D:6      | Found an iron altar of Okawaru.
  5449 | D:6      | Found a runed translucent gate.
  5450 | D:6      | Found a runed translucent gate.
  5450 | D:6      | Found a runed translucent gate.
  5450 | D:6      | Identified the cursed +2 dagger "Heat" {drain, rN+ MR-
                  | Str+4}
  5451 | D:6      | Noticed Hasart's ghost (amateur KoGl)
  5469 | D:6      | Noticed Grinder
  5476 | D:6      | Killed Grinder
  5506 | D:6      | Reached XP level 9. HP: 51/53 MP: 11/11
  5598 | D:6      | Reached skill level 5 in Fighting
  5857 | D:6      | Noticed Prince Ribbit
  5866 | D:6      | Reached skill level 9 in Short Blades
  6085 | D:6      | Killed Prince Ribbit
  6290 | D:6      | Noticed a two-headed ogre
  6293 | D:6      | Killed a two-headed ogre
  6508 | D:7      | Reached ** piety under Wu Jian
  6517 | D:7      | Reached skill level 10 in Short Blades
  6891 | D:7      | Reached XP level 10. HP: 60/60 MP: 13/13
  7226 | D:7      | Noticed Pikel
  7492 | D:7      | Killed Pikel
  7545 | D:7      | Noticed Harold
  7558 | D:7      | Killed Harold
  7558 | D:7      | Reached skill level 11 in Short Blades
  7558 | D:7      | Reached skill level 5 in Evocations
  7829 | D:8      | Found a white marble altar of Elyvilon.
  8980 | D:8      | Found a glowing silver altar of Zin.
  9432 | D:8      | Reached XP level 11. HP: 56/67 MP: 15/15
  9564 | D:9      | Reached *** piety under Wu Jian
  9567 | D:9      | Found Panlurax's Specialty Armours.
  9622 | D:8      | Reached skill level 12 in Short Blades
  9707 | D:9      | Found a staircase to the Lair.
 11203 | D:10     | Entered Level 10 of the Dungeon
 11348 | D:10     | Noticed a two-headed ogre
 11354 | D:10     | Killed a two-headed ogre
 11756 | D:10     | Reached skill level 13 in Short Blades
 12206 | D:10     | Noticed a green ugly thing
 12208 | D:10     | Killed a green ugly thing
 12458 | D:10     | Reached skill level 10 in Stealth
 13046 | D:10     | Noticed a two-headed ogre
 13065 | D:10     | Killed a two-headed ogre
 13065 | D:10     | Reached **** piety under Wu Jian
 13065 | D:10     | Reached XP level 12. HP: 68/74 MP: 17/17
 14237 | D:11     | Reached skill level 14 in Short Blades
 14237 | D:11     | Reached skill level 10 in Dodging
 14535 | Lair:1   | Entered Level 1 of the Lair of Beasts
 14586 | Lair:1   | Noticed a six-headed hydra
 14712 | Lair:1   | Killed a six-headed hydra
 15663 | Lair:1   | Reached ***** piety under Wu Jian
 16363 | Lair:2   | Noticed an eight-headed hydra
 16709 | Lair:2   | Slain by a komodo dragon

Levels and vault maps discovered:
D:1:      wander_arrival_fairy_ring, layout_loops_ring
D:2:      layout_rooms
D:3:      layout_basic, overflow_temple_1_default, uniq_terence
D:4:      layout_loops_ring, grunt_temple_overflow_open,
          minmay_temple_entry_proselytizer, tgw_sif, uniq_robin
D:5:      layout_loops_ring, first_ration, uniq_duvessa, uniq_sigmund
D:6:      layout_loops_corners, lemuel_crystal_altar,
          gammafunk_ghost_nasty_kobolds, chequers_serial_rivers_micro_e,
          uniq_prince_ribbit1, uniq_grinder
D:7:      layout_layer_cave, uniq_harold, uniq_pikel
D:8:      layout_cave_pods, zin_treasury, elyvilon_altar_5
D:9:      layout_small_grid, lair_entry_dummy, nicolae_barding_shop
D:10:     layout_irregular_city, the_bakery, grunt_ministairs_15
D:11:     minmay_spotlight, layout_cave_pools,
          ploomutoo_gammafunk_ghost_potion_laboratory,
          kennysheep_generic_room_15
Temple:   eino_temple_scatter_basement
Lair:1:   layout_cave_pods
Lair:2:   layout_regular_city, grunt_megastairs_3, lemuel_fruit_tree

Skill      XL: |  1  2  3  4  5  6  7  8  9 10 11 12 |
---------------+-------------------------------------+-----
Stealth        | 1 2 3 4 5 7 8 10 11 | 11.5
Dodging        | 4 5 6 7 8 9 10 | 10.7
Armour         | 1 2 3 4 |  4.0
Short Blades   | 5 6 7 8 10 11 13 14 | 14.0
Fighting       | 3 4 5 7 8 9 |  9.4
Evocations     | 1 2 4 6 7 9 |  9.1
Throwing       | 4 |  4.2

Action                   |  1- 3 |  4- 6 |  7- 9 | 10-12 || total
-------------------------+-------+-------+-------+-------++-------
Melee: Rapier            |    91 |   202 |   319 |   386 ||   998
       Unarmed           |       |     1 |       |       ||     1
       Short sword       |       |       |       |   905 ||   905
Throw: Throwing net      |       |       |       |     1 ||     1
Invok: Lunge             |       |     3 |    25 |   103 ||   131
       Whirlwind         |       |       |     7 |   182 ||   189
 Abil: Wall Jump         |       |       |       |     1 ||     1
Evoke: Wand              |       |       |     6 |    22 ||    28
  Use: Scroll            |       |     4 |       |     5 ||     9
       Potion            |       |       |     1 |     2 ||     3
 Stab: Sleeping          |     6 |     6 |    14 |    20 ||    46
       Distracted        |       |       |       |     3 ||     3
       Held in net/web   |       |       |       |     2 ||     2
  Eat: Chunk             |     8 |     8 |    12 |    48 ||    76
Armor: Leather armour    |    11 |    39 |       |       ||    50
       Steam dragon scal |       |       |    37 |   105 ||   142
Dodge: Dodged            |    51 |   131 |   189 |   621 ||   992

Table legend:
 A = Non-vault XP
 B = Vault XP
 C = Vault XP percentage of total XP
 D = Non-vault monster count
 E = Vault monster count
 F = Vault count percentage of total count
                 A         B        C        D         E       F
            +---------+---------+-------+---------+---------+-------
      Total |   21238 |    5024 |  19.1 |     282 |      30 |   9.6
            +---------+---------+-------+---------+---------+-------
        D:1 |      49 |       0 |   0.0 |      30 |       0 |   0.0
        D:2 |      51 |      36 |  41.4 |      19 |       1 |   5.0
        D:3 |      47 |       0 |   0.0 |      24 |       0 |   0.0
        D:4 |     297 |      74 |  19.9 |      10 |      12 |  54.5
        D:5 |     311 |     447 |  59.0 |      15 |       3 |  16.7
        D:6 |    1646 |     536 |  24.6 |      22 |       2 |   8.3
        D:7 |     610 |    1679 |  73.4 |      17 |       2 |  10.5
        D:8 |    2126 |       0 |   0.0 |      32 |       0 |   0.0
        D:9 |    2463 |     112 |   4.3 |      26 |       1 |   3.7
       D:10 |    5143 |    1196 |  18.9 |      33 |       3 |   8.3
       D:11 |    2477 |      37 |   1.5 |      29 |       2 |   6.5
     Lair:1 |    4835 |       0 |   0.0 |      17 |       0 |   0.0
     Lair:2 |    1183 |     907 |  43.4 |       8 |       4 |  33.3
            +---------+---------+-------+---------+---------+-------
